 Dungeon Crawl Stone Soup version 0.31-a0-188-g5e087ee2ca (webtiles) character file.

Game seed: 15511287100288732142

63 qw the Shooter (level 3, -4/20 HPs)
             Began as a Deep Elf Hunter on June 22, 2023.
             Killed by divine providence
             ... invoked by an orc priest
              (11 damage)
             ... on level 3 of the Dungeon.
             The game lasted 00:00:34 (1758 turns).

qw the Shooter (Deep Elf Hunter)                    Turns: 1758, Time: 00:00:34

Health: -4/20      AC: 15    Str: 10    XL:     3   Next: 89%
Magic:  1/1        EV: 11    Int: 13    God:
Gold:   116        SH:  0    Dex: 18    Spells: 2/2 levels left

rFire   . . .        Y - +5 arbalest (antimagic)
rCold   . . .        (shield currently unavailable)
rNeg    . . .        n - +7 swamp dragon scales of Sorcery {rElec rPois}
rPois   +            (no helmet)
rElec   +            (no cloak)
rCorr   .            (no gloves)
SInv    .            c - +0 pair of boots
Will    .....        (no amulet)
Stlth   +            (no ring)
HPRegen 0.23/turn    (no ring)
MPRegen 0.07/turn

%: no passive effects
@: no status effects
A: no striking features
a: no special abilities


You were on level 3 of the Dungeon.
You visited 1 branch of the dungeon, and saw 3 of its levels.

You collected 116 gold pieces.


   Skills:
 - Level 1.5 Fighting
 + Level 7.3 Ranged Weapons
 - Level 2.4 Dodging
 - Level 1.2 Stealth


You had 2 spell levels left.
You didn't know any spells.
Your spell library was empty.

Inventory:

Hand Weapons
 Y - a +5 antimagic arbalest (weapon)
Armour
 c - a +0 pair of boots (worn)
 n - the +7 swamp dragon scales of Sorcery (worn) {rElec rPois}
   (You acquired it on level 2 of the Dungeon)

   rElec:     It insulates you from electricity.
   rPois:     It protects you from poison.
Jewellery
 e - a ring of ice
Scrolls
 a - a scroll of enchant weapon {unknown}
Potions
 f - a potion of enlightenment {unknown}
 g - a potion of curing {unknown}
 h - a potion of resistance {unknown}
 k - a potion of brilliance {unknown}
 l - a potion of berserk rage {unknown}
 m - a potion of haste {unknown}

Dungeon Overview and Level Annotations

Branches:
Dungeon (3/15)

Altars:


Message History

You kill the orc!
Found a stone staircase leading up and a stone staircase leading down.
A kobold comes into view. It is wielding a +0 dagger.
You shoot a bolt. The bolt hits the kobold.
You kill the kobold!
Things that are here:
a +1 heavy war axe; a +0 ring mail
a - a scroll labelled URAYZUITON
There is a stone staircase leading up here.
An orc and an orc priest come into view.
You shoot a bolt. The bolt completely misses the orc.
The orc priest shouts!
You hear a shout!
The orc shouts!
You hear a shout! x2
An orc comes into view. It is wielding a +0 dagger.
You shoot a bolt.
The bolt hits the orc but does no damage.
An orc comes into view. It is wielding a +0 morningstar.
The orc shouts!
An orc priest comes into view. It is wielding a +0 hand axe.
An orc comes into view. It is wielding a +0 short sword.
Things that are here:
a +0 dagger; a kobold corpse You shoot a bolt.
The orc priest shouts!
The bolt hits the orc!
You kill the orc!
You hear a shout!
The orc priest mumbles some strange prayers to Beogh against you.
You barely resist. You shoot a bolt. The bolt hits the orc priest!
The orc priest is severely wounded.
An orc comes into view. It is wielding a +0 short sword.
You shoot a bolt. The bolt hits the orc priest.
The orc priest is almost dead.
The orc priest mumbles some strange prayers to Beogh against you.
Beogh smites you!
Ouch! That really hurt!
The orc priest calls down the wrath of Beogh upon you.
Beogh smites you!
Ouch! That really hurt!
You die...

#### #...# ##>..###...##
....... #..%..##....##
....... .........#...##
....... ........##....#
..o.o..
........##.#.<###.......
#(....####.#....#o.o....
#.....<# #.###...oo....#
.......# #.# #.>@..##..
........... ##.........
.......###. #...##....
#.....## ...... ##.
##...## #....... ####
...$.... ..#..##...
..#..## .#..


You could see 2 orc priests and 4 orcs.

Vanquished Creatures
  An adder (D:3)
  A dart slug (D:2)
  A worm (D:2)
  2 orcs (D:3)
  2 bats
  3 endoplasms
  A giant cockroach (D:1)
  4 goblins
  5 hobgoblins
  3 quokkas
  9 ball pythons
  4 frilled lizards
  7 kobolds
  5 rats
48 creatures vanquished.

Notes
Turn   | Place    | Note
-------+----------+-------------------------------------------
     0 | D:1      | qw the Deep Elf Hunter began the quest for the Orb.
     0 | D:1      | Reached XP level 1. HP: 12/12 MP: 3/3
     0 | D:1      | 0 ||| qw: Version: 0.3-a-9-g12657ce
     0 | D:1      | 0 ||| qw: Game counter: 2776
     0 | D:1      | 0 ||| qw: Always use a shield: true
     0 | D:1      | 0 ||| qw: God list: Okawaru
     0 | D:1      | 0 ||| qw: Allow faded altars: false
     0 | D:1      | 0 ||| qw: Do Orc after D:15 true
     0 | D:1      | 0 ||| qw: Do second Lair branch before Depths: true
     0 | D:1      | 0 ||| qw: Lair rune preference: random
     0 | D:1      | 0 ||| qw: Plans: Normal
     0 | D:1      | 0 ||| PLANNING D:1-11
   137 | D:1      | Reached skill level 6 in Ranged Weapons
   137 | D:1      | Reached XP level 2. HP: 16/16 MP: 4/4
   763 | D:1      | 763 ||| DROPPING amulet of magic regeneration.
   764 | D:1      | 764 ||| READING scroll labelled BOHUER IWUO.
   764 | D:1      | Identified a scroll of acquirement
   764 | D:1      | 764 ||| ACQUIRING +5 antimagic arbalest
   764 | D:1      | Acquired a +5 antimagic arbalest
   766 | D:1      | 766 ||| SWAPPING to +5 antimagic arbalest.
   767 | D:1      | 767 ||| DROPPING +0 shortbow.
   768 | D:1      | 768 ||| READING scroll labelled GAUXIZYKHAF.
   772 | D:1      | 772 ||| READING scroll labelled BECYSO TEFE.
   773 | D:1      | 773 ||| READING scroll labelled LIBIGG SESCHEA.
   774 | D:1      | 774 ||| DRINKING 2 bubbling sapphire potions.
   775 | D:1      | 775 ||| DROPPING scroll of butterflies.
   776 | D:1      | 776 ||| DROPPING potion of attraction.
   787 | D:2      | 787 ||| STAIRDANCE
   789 | D:1      | HP: 3/16 [endoplasm (3)]
   887 | D:2      | Reached XP level 3. HP: 20/20 MP: 1/5
  1223 | D:2      | Reached skill level 7 in Ranged Weapons
  1411 | D:2      | 1411 ||| READING scroll of acquirement.
  1411 | D:2      | 1411 ||| ACQUIRING +7 swamp dragon scales of Sorcery {rElec
                  | rPois}
  1411 | D:2      | Acquired the +7 swamp dragon scales of Sorcery {rElec
                  | rPois}
  1413 | D:2      | 1413 ||| UPGRADING to +0 ring mail.
  1423 | D:2      | 1423 ||| DROPPING +0 leather armour.
  1424 | D:2      | 1424 ||| UPGRADING to +7 swamp dragon scales of Sorcery
                  | {rElec rPois}.
  1434 | D:2      | 1434 ||| DROPPING +0 ring mail.
  1603 | D:2      | 1603 ||| UPGRADING to +0 pair of boots.
  1686 | D:2      | 1686 ||| READING scroll labelled PIASTO JEODGH.
  1687 | D:2      | 1687 ||| READING scroll labelled QUPLEKLUIPA.
  1688 | D:2      | 1688 ||| READING scroll labelled RYMEDGH PEKO.
  1689 | D:2      | 1689 ||| READING scroll labelled ISOIKU JUTOTT.
  1758 | D:3      | Killed from afar by an orc priest

Levels and vault maps discovered:
D:1:      lemuel_arrival_broad_hall, layout_basic
D:2:      layout_basic
D:3:      cheibrodos_old_hovel, layout_rooms, hangedman_glass_teeth

Skill      XL: |  1  2  3 |
---------------+----------+-----
Ranged Weapons | 6 7 |  7.3
Fighting       | |  1.5
Dodging        | |  2.4
Stealth        | |  1.2

Action                     || total
---------------------------++-------
   Fire: Shortbow          ||    52
         Arbalest          ||    46
    Use: Scroll            ||     9
         Potion            ||     1
 Armour: Leather armour    ||     9
         Swamp dragon scal ||     4
  Dodge: Dodged            ||    22

Table legend:
 A = Non-vault XP
 B = Vault XP
 C = Vault XP percentage of total XP
 D = Non-vault monster count
 E = Vault monster count
 F = Vault count percentage of total count
                 A         B        C        D         E       F
            +---------+---------+-------+---------+---------+-------
      Total |      91 |       0 |   0.0 |      48 |       0 |   0.0
            +---------+---------+-------+---------+---------+-------
        D:1 |      34 |       0 |   0.0 |      22 |       0 |   0.0
        D:2 |      35 |       0 |   0.0 |      21 |       0 |   0.0
        D:3 |      22 |       0 |   0.0 |       5 |       0 |   0.0
            +---------+---------+-------+---------+---------+-------
